 Dungeon Crawl Stone Soup version 0.29-a0-542-g075992c915 (webtiles) character file.

Game seed: 462188081722896812

144 Bruhh the Ogre Mage (level 5, 0/45 HPs)
             Began as an Ogre Earth Elementalist on June 4, 2022.
             Slain by a gnoll
             ... wielding a +0 whip
              (4 damage)
             ... on level 3 of the Dungeon.
             The game lasted 00:03:39 (2412 turns).

Bruhh the Ogre Mage (Ogre Earth Elementalist)       Turns: 2412, Time: 00:03:40

Health: 0/45       AC:  6    Str: 12    XL:     5   Next: 27%
Magic:  11/11      EV:  9    Int: 18    God:
Gold:   120        SH:  0    Dex:  9    Spells: 12/13 levels left

rFire   . . .      SeeInvis .   (no weapon)
rCold   . . .      Faith    .   (no shield)
rNeg    . . .      Spirit   .   b - +0 robe
rPois   .          Reflect  .   (helmet restricted)
rElec   .          Harm     .   l - +2 cloak
rCorr   .          Rampage  .   (gloves unavailable)
Will    .....                   (boots unavailable)
Stlth   +.........              g - amulet of regeneration
HPRegen 0.95/turn               (no ring)
MPRegen 0.12/turn               (no ring)

@: lethally poisoned (0 -> -1)
A: large, unfitting armour, tough skin 1
a: no special abilities


You were on level 3 of the Dungeon.
You visited 1 branch of the dungeon, and saw 3 of its levels.

You collected 120 gold pieces.

Inventory:

Armour
 b - a +0 robe (worn)
 l - a +2 cloak (worn)
Jewellery
 g - an amulet of regeneration (around neck)
 k - an amulet of magic regeneration
Scrolls
 d - a scroll of immolation {unknown}
 e - 3 scrolls of teleportation {unknown}
 f - a scroll of vulnerability {unknown}
 i - a scroll of amnesia {unknown}
Potions
 c - a potion of magic
 h - a potion of lignification


   Skills:
 - Level 1.7 Dodging
 - Level 1.4 Stealth
 + Level 4.5 Spellcasting
 - Level 0.8 Transmutations
 + Level 4.1 Earth Magic


You had 12 spell levels left.
You knew the following spells:

 Your Spells              Type           Power      Damage    Failure   Level
a - Sandblast             Erth           38%        2d10      2%          1

Your spell library contained the following spells:

 Spells                   Type           Power      Damage    Failure   Level
 Passwall                 Tmut/Erth      10%        N/A       8%          2
 Stone Arrow              Conj/Erth      22%        3d8       19%         3
 Dazzling Flash           Conj/Hex       8%         N/A       38%         3
 Petrify                  Tmut/Erth      13%        N/A       45%         4
 Iskenderun's Mystic Bla  Conj/Tloc      4%         2d3       80%         4
 Conjure Ball Lightning   Conj/Air       2%         3x3d6     100%        6
 Starburst                Conj/Fire      2%         6d3       100%        6
 Discord                  Hex            2%         N/A       100%        8
 Disjunction              Tloc           2%         N/A       100%        8


Dungeon Overview and Level Annotations

Branches:
Dungeon (3/15)

Altars:
Fedhas


Innate Abilities, Weirdness & Mutations

You are too large for most types of armour.
You have tough skin. (AC +1)


Message History

You feel less wooden.
Your +2 cloak unmelds from your body.
Your +0 robe unmelds from your body.
The gnoll hits you from afar with a +0 spear.
The gnoll barely misses you.
You hit the gnoll but do no damage.
The gnoll is severely wounded.
The gnoll hits you from afar with a +0 spear.
The gnoll hits you with a +0 whip.
You hit the gnoll but do no damage.
The gnoll is severely wounded.
The gnoll throws a poisoned dart.
The poisoned dart hits you!
You are poisoned.
The gnoll hits you but does no damage.
You hit the gnoll but do no damage.
The gnoll is severely wounded.
You feel sick. The gnoll hits you with a +0 whip.
* * * LOW HITPOINT WARNING * * *
The gnoll hits you from afar with a +0 spear.
* * * LOW HITPOINT WARNING * * *
You barely miss the gnoll.
The gnoll is severely wounded.
You feel sick. The gnoll hits you but does no damage.
The gnoll throws a poisoned dart.
The poisoned dart barely misses you.
You hit the gnoll but do no damage.
The gnoll is severely wounded.
You feel sick.
The gnoll throws a poisoned dart.
The poisoned dart hits you!
You are more poisoned.
The gnoll hits you with a +0 whip.
* * * LOW HITPOINT WARNING * * *
You barely miss the gnoll.
The gnoll is severely wounded.
You feel very sick.
The gnoll hits you from afar with a +0 spear.
* * * LOW HITPOINT WARNING * * *
The gnoll hits you but does no damage.
You barely miss the gnoll.
The gnoll is severely wounded.
You feel sick. The gnoll hits you but does no damage.
The gnoll hits you with a +0 whip.
You die...

...###.........##########
.....#...................
###.#...............#
..............#####.##
..............# #..####
....$.........### ##.÷..######
.^......)....gg.# #..<..#...##
......)[......#.####..........##
#####..[......#g@.#............#
#.###.#######..#######'######
#.# #.# ####...##...##...
###.###.# #>†8....8....8.
#......g# ##...##...##...
#.P.P.†.# #######.######
#..._..#<##### ##.##
#..P.P.......# #...#
#............... #.8.#


You could see 3 gnolls.

Vanquished Creatures
  An orc wizard (D:3)
  5 adders (D:2)
  A worm (D:2)
  A dart slug (D:2)
  4 orcs (D:3)
  A ball python (D:1)
  5 endoplasms
  3 giant cockroaches
  A goblin (D:3)
  13 hobgoblins
  8 jackals
  4 quokkas
  4 bats
  2 frilled lizards
  4 kobolds
  4 rats
61 creatures vanquished.

Vanquished Creatures (others)
  A plant (D:3)
1 creature vanquished.

Grand Total: 62 creatures vanquished

Notes
Turn   | Place    | Note
-------+----------+-------------------------------------------
     0 | D:1      | Bruhh the Ogre Earth Elementalist began the quest for the
                  | Orb.
     0 | D:1      | Reached XP level 1. HP: 16/16 MP: 3/3
   101 | D:1      | Reached XP level 2. HP: 24/24 MP: 1/5
   548 | D:1      | Reached XP level 3. HP: 28/31 MP: 1/7
  1193 | D:2      | Reached XP level 4. HP: 27/39 MP: 9/9
  1541 | D:2      | Found a faded altar of an unknown god.
  2187 | D:3      | Found a blossoming altar of Fedhas.
  2208 | D:3      | Reached XP level 5. HP: 45/45 MP: 2/11
  2412 | D:3      | Slain by a gnoll

Illustrated notes

Levels and vault maps discovered:
D:1:      psy_arrival_whirlpool, layout_basic
D:2:      layout_basic, basic_ecumenical_altar
D:3:      layout_rooms, fedhas_altar_1, grunt_ministairs_5

Skill      XL: |  1  2  3  4 |
---------------+-------------+-----
Earth Magic    | 3 4 |  4.1
Spellcasting   | 3 4 |  4.5
Dodging        | |  1.7
Stealth        | |  1.4
Transmutations | |  0.8

Action                   |  1- 3 |  4- 6 || total
-------------------------+-------+-------++-------
Melee: Unarmed           |    39 |    11 ||    50
       Spear             |    56 |   121 ||   177
       Punch             |       |     2 ||     2
 Cast: Sandblast         |    36 |    27 ||    63
  Use: Potion            |     1 |     2 ||     3
 Stab: Sleeping          |     3 |     2 ||     5
Armor: Robe              |    32 |    42 ||    74
       Skin              |       |    32 ||    32
Dodge: Dodged            |    49 |    60 ||   109

Table legend: (Time is in decaauts)
 A = Elapsed time spent in this place.
 B = Non-inter-level travel time spent in this place.
 C = Inter-level travel time spent in this place.
 D = Time resting spent in this place.
 E = Time spent auto-exploring this place.
 F = Levels seen in this place.
 G = Mean time per level.
                   A        B        C        D        E       F      G
               +--------+--------+--------+--------+--------+-----+--------+
         Total |   2432 |   2260 |    172 |    136 |   1554 |   3 |  810.7 |
       Dungeon |   2432 |   2260 |    172 |    136 |   1554 |   3 |  810.7 |
               +--------+--------+--------+--------+--------+-----+--------+

Top non-repeatable levels by time:
     D:2: 1394 daAuts
     D:1: 843 daAuts
     D:3: 194 daAuts
